NCAA
IOWA HAWKEYES @ XAVIER MUSKETEERS
04/20/2030
 
TOP OF THE 1ST
Iowa Hawkeyes batting - Pitching for Xavier Musketeers : RHP Frank Phillips
Pitching: RHP Frank Phillips
Batting: LHB Fletcher White 0-0: Ball
1-0: Ball
2-0: Fly out, F5 (Popup, 56)
Batting: RHB John Phillips 0-0: Ball
1-0: Ground out 5-3 (Groundball, 56)
Batting: RHB Jim Sharry 0-0: Swinging Strike
0-1: Ground out 6-3 (Groundball, 6)
Top of the 1st over - 0 runs, 0 hits, 0 errors, 0 left on base; Iowa 0 - Xavier 0
BOTTOM OF THE 1ST
Xavier Musketeers batting - Pitching for Iowa Hawkeyes : LHP Brody Sellers
Pitching: LHP Brody Sellers
Batting: RHB Dillon Farley 0-0: Ball
1-0: Called Strike
1-1: Foul Ball, location: 2F
1-2: Fly out, F4 (Line Drive, 4)
Batting: RHB Edmund Kline 0-0: Called Strike
0-1: Ball
1-1: Foul Ball, location: 2F
1-2: Ball
2-2: Foul Ball, location: 2F
2-2: Strikes out swinging
Batting: SHB Orlando Lópes 0-0: Ground out 4-3 (Groundball, 4S)
Bottom of the 1st over - 0 runs, 0 hits, 0 errors, 0 left on base; Iowa 0 - Xavier 0
TOP OF THE 2ND
Iowa Hawkeyes batting - Pitching for Xavier Musketeers : RHP Frank Phillips
Batting: RHB Jim Jones 0-0: Ball
1-0: Ball
2-0: Swinging Strike
2-1: Ball
3-1: Swinging Strike
3-2: Foul Ball, location: 2F
3-2: Foul Ball, location: 2F
3-2: Strikes out looking
Batting: LHB Allen Lee 0-0: Ground out 4-3 (Groundball, 4)
Batting: LHB Jesús Torres 0-0: Called Strike
0-1: Ball
1-1: Ball
2-1: Ball
3-1: DOUBLE (Flyball, 89D)
Batting: LHB Foster Clark 0-0: Ball
1-0: Ball
2-0: SINGLE (Line Drive, 9S)
Jesús Torres to third
Runner from 3rd tries for Home, SAFE, no throw
Batting: RHB Jack Black 0-0: Ball
1-0: Ball
2-0: Swinging Strike
2-1: Swinging Strike
2-2: Foul Ball, location: 2F
2-2: Foul Ball, location: 2F
2-2: Ball
3-2: Base on Balls
Foster Clark to second
Batting: RHB Dan Perkins 0-0: Foul Ball, location: 2F
0-1: Foul Ball, location: 2F
0-2: Strikes out looking
Top of the 2nd over - 1 run, 2 hits, 0 errors, 2 left on base; Iowa 1 - Xavier 0
BOTTOM OF THE 2ND
Xavier Musketeers batting - Pitching for Iowa Hawkeyes : LHP Brody Sellers
Batting: LHB Bobby Ryan 0-0: Ball
1-0: Ball
2-0: Called Strike
2-1: Foul Ball, location: 2F
2-2: DOUBLE (Line Drive, 9LS)
Batting: RHB Floyd Reynolds 0-0: Ball
1-0: Ball
2-0: Foul Ball, location: 2F
2-1: Foul Ball, location: 2F
2-2: Strikes out looking
Batting: RHB Curt Lloyd 0-0: Called Strike
0-1: Ball
1-1: Swinging Strike
1-2: Ground out 4-3 (Groundball, 4)
Bobby Ryan to third
Batting: LHB Duncan Sharp 0-0: Called Strike
0-1: Ball
1-1: Ball
2-1: Ball
3-1: Ground out 5-3 (Groundball, 56S)
Bottom of the 2nd over - 0 runs, 1 hit, 0 errors, 1 left on base; Iowa 1 - Xavier 0
TOP OF THE 3RD
Iowa Hawkeyes batting - Pitching for Xavier Musketeers : RHP Frank Phillips
Batting: LHB Fletcher White 0-0: Ball
1-0: Called Strike
1-1: Foul Ball, location: 2F
1-2: Strikes out swinging
Batting: RHB John Phillips 0-0: Fly out, F9 (Flyball, 9)
Batting: RHB Jim Sharry 0-0: Ball
1-0: Foul Ball, location: 2F
1-1: Ball
2-1: Foul Ball, location: 2F
2-2: Ball
3-2: SINGLE (Line Drive, 4D)
Batting: RHB Jim Jones 0-0: Ball
1-0: Swinging Strike
1-1: Ball
2-1: Foul Ball, location: 2F
2-2: SINGLE (Groundball, 6MD)
Jim Sharry to second
Jim Sharry to third
Batting: LHB Allen Lee 0-0: Ball
1-0: Ball
2-0: Fly out, F8 (Flyball, 8LS)
Top of the 3rd over - 0 runs, 2 hits, 0 errors, 2 left on base; Iowa 1 - Xavier 0
BOTTOM OF THE 3RD
Xavier Musketeers batting - Pitching for Iowa Hawkeyes : LHP Brody Sellers
Batting: LHB Johnny Beach 0-0: Ball
1-0: Called Strike
1-1: Foul Ball, location: 2F
1-2: Strikes out swinging
Batting: RHB Greg Richards 0-0: Foul Ball, location: 2F
0-1: Fly out, F4 (Popup, 4S)
Batting: RHB Dillon Farley 0-0: SINGLE (Line Drive, 4MD)
Batting: RHB Edmund Kline 0-0: Ball
1-0: Ball
2-0: Ball
3-0: Called Strike
3-1: Base on Balls
Dillon Farley to second
Batting: SHB Orlando Lópes 0-0: Called Strike
0-1: Foul Ball, location: 2F
0-2: Foul Ball, location: 2F
0-2: Fly out, F8 (Flyball, 8RD)
Bottom of the 3rd over - 0 runs, 1 hit, 0 errors, 2 left on base; Iowa 1 - Xavier 0
TOP OF THE 4TH
Iowa Hawkeyes batting - Pitching for Xavier Musketeers : RHP Frank Phillips
Batting: LHB Jesús Torres 0-0: Ball
1-0: Called Strike
1-1: Swinging Strike
1-2: Ball
2-2: Foul Ball, location: 2F
2-2: Ball
3-2: Foul Ball, location: 2F
3-2: Strikes out swinging
Batting: LHB Foster Clark 0-0: Swinging Strike
0-1: Ball
1-1: Swinging Strike
1-2: Ball
2-2: Ground out U3 (Groundball, 34S)
Batting: RHB Jack Black 0-0: Called Strike
0-1: Foul Ball, location: 2F
0-2: Foul Ball, location: 2F
0-2: Foul Ball, location: 2F
0-2: Hit by Pitch
Batting: RHB Dan Perkins 0-0: Ball
1-0: SINGLE (Line Drive, 6)
Jack Black to second
Batting: LHB Fletcher White 0-0: Ball
1-0: Ball
2-0: Ball
3-0: Called Strike
3-1: Base on Balls
Jack Black to third
Dan Perkins to second
Batting: RHB John Phillips 0-0: Called Strike
0-1: Foul Ball, location: 2F
0-2: Strikes out swinging
Top of the 4th over - 0 runs, 1 hit, 0 errors, 3 left on base; Iowa 1 - Xavier 0
BOTTOM OF THE 4TH
Xavier Musketeers batting - Pitching for Iowa Hawkeyes : LHP Brody Sellers
Batting: LHB Bobby Ryan 0-0: Ball
1-0: Ball
2-0: Ball
3-0: Base on Balls
Batting: RHB Floyd Reynolds 0-0: Foul Ball, location: 2F
0-1: Ball
1-1: Ball
2-1: Ball
3-1: Base on Balls
Bobby Ryan to second
Batting: RHB Curt Lloyd 0-0: Fly out, F7 (Flyball, 7LSF)
Batting: LHB Duncan Sharp 0-0: Fly out, F8 (Flyball, 8LD)
Runner from 2nd tags up, SAFE at 3rd with throw
Batting: LHB Johnny Beach 0-0: Ball
1-0: Ball
2-0: Called Strike
2-1: SINGLE (Line Drive, 6MD)
Bobby Ryan scores
Floyd Reynolds to second
Batting: RHB Greg Richards 0-0: Foul Ball, location: 2F
0-1: Foul Ball, location: 2F
0-2: Ball
1-2: Foul Ball, location: 2F
1-2: Ball
2-2: Ball
3-2: Foul Ball, location: 2F
3-2: Base on Balls
Floyd Reynolds to third
Johnny Beach to second
Batting: RHB Dillon Farley 0-0: Ball
1-0: Ground out 4-3 (Groundball, 4)
Bottom of the 4th over - 1 run, 1 hit, 0 errors, 3 left on base; Iowa 1 - Xavier 1
TOP OF THE 5TH
Iowa Hawkeyes batting - Pitching for Xavier Musketeers : RHP Frank Phillips
Pitching: LHP Jon Tierney
Batting: RHB Jim Sharry 0-0: Called Strike
0-1: Ball
1-1: Ball
2-1: Ball
3-1: DOUBLE (Line Drive, 78D)
Batting: RHB Jim Jones 0-0: Intentional Walk
Batting: LHB Allen Lee 0-0: Ball
1-0: Called Strike
1-1: Ball
2-1: Foul Ball, location: 2F
2-2: Ball
3-2: Foul Ball, location: 2F
3-2: Base on Balls
Jim Sharry to third
Jim Jones to second
Batting: LHB Jesús Torres 0-0: Ball
1-0: Foul Ball, location: 2F
1-1: Fly out, F7 (Flyball, 7)
Runner from 3rd tags up, SCORES, no throw
Batting: LHB Foster Clark 0-0: Ball
1-0: Ball
2-0: Ball
3-0: Called Strike
3-1: SINGLE (Flyball, 8RM)
Jim Jones to third
Allen Lee to second
Runner from 3rd tries for Home, throw and OUT!
Batting: RHB Jack Black 0-0: Ball
1-0: Fly out, F9 (Line Drive, 9S)
Top of the 5th over - 1 run, 2 hits, 0 errors, 2 left on base; Iowa 2 - Xavier 1
BOTTOM OF THE 5TH
Xavier Musketeers batting - Pitching for Iowa Hawkeyes : LHP Brody Sellers
Batting: RHB Edmund Kline 0-0: Swinging Strike
0-1: Swinging Strike
0-2: Foul Ball, location: 2F
0-2: Strikes out swinging
Batting: SHB Orlando Lópes 0-0: Ball
1-0: Called Strike
1-1: Ball
2-1: Ball
3-1: Ground out 4-3 (Groundball, 4)
Batting: LHB Bobby Ryan 0-0: Ground out 6-3 (Groundball, 6)
Bottom of the 5th over - 0 runs, 0 hits, 0 errors, 0 left on base; Iowa 2 - Xavier 1
TOP OF THE 6TH
Iowa Hawkeyes batting - Pitching for Xavier Musketeers : LHP Jon Tierney
Batting: RHB Dan Perkins 0-0: Ball
1-0: Swinging Strike
1-1: Ball
2-1: Ball
3-1: Base on Balls
Batting: LHB Fletcher White 0-0: Ball
1-0: Ball
2-0: Grounds into double play, 5-4-3 (Groundball, 5L)
Batting: RHB John Phillips 0-0: Called Strike
0-1: Ball
1-1: SOLO HOME RUN (Flyball, 78XD), Distance : 418 ft
Pitching: RHP Terry Gray
Batting: RHB Jim Sharry 0-0: Ball
1-0: Ground out 5-3 (Groundball, 56)
Top of the 6th over - 1 run, 1 hit, 0 errors, 0 left on base; Iowa 3 - Xavier 1
BOTTOM OF THE 6TH
Xavier Musketeers batting - Pitching for Iowa Hawkeyes : LHP Brody Sellers
Pitching: RHP Javier Valdés
Batting: RHB Floyd Reynolds 0-0: Ball
1-0: Ball
2-0: Foul Ball, location: 2F
2-1: Fly out, F7 (Flyball, 78S)
Batting: RHB Curt Lloyd 0-0: Swinging Strike
0-1: Called Strike
0-2: Ground out 5-3 (Groundball, 56)
Batting: LHB Duncan Sharp 0-0: Ball
1-0: Ball
2-0: Foul Ball, location: 2F
2-1: Fly out, F8 (Flyball, 8LD)
Bottom of the 6th over - 0 runs, 0 hits, 0 errors, 0 left on base; Iowa 3 - Xavier 1
TOP OF THE 7TH
Iowa Hawkeyes batting - Pitching for Xavier Musketeers : RHP Terry Gray
Batting: RHB Jim Jones 0-0: Ball
1-0: SINGLE (Line Drive, 7S)
Pitching: LHP Marvin Walker
Batting: LHB Allen Lee 0-0: Called Strike
0-1: Foul Ball, location: 2F
0-2: Ball
1-2: Ball
2-2: Strikes out looking
Batting: LHB Jesús Torres 0-0: Ball
1-0: Ball
2-0: Ball
3-0: Called Strike
3-1: Ground out 4-3 (Groundball, 34)
Jim Jones to second
Batting: LHB Foster Clark 0-0: Called Strike
0-1: Ball
1-1: Swinging Strike
1-2: Fly out, F9 (Flyball, 89S)
Top of the 7th over - 0 runs, 1 hit, 0 errors, 1 left on base; Iowa 3 - Xavier 1
BOTTOM OF THE 7TH
Xavier Musketeers batting - Pitching for Iowa Hawkeyes : RHP Javier Valdés
Batting: LHB Johnny Beach 0-0: Ball
1-0: Called Strike
1-1: SOLO HOME RUN (Flyball, 9D), Distance : 385 ft
Batting: RHB Greg Richards 0-0: Foul Ball, location: 2F
0-1: Foul Ball, location: 2F
0-2: Ground out 4-3 (Groundball, 4)
Batting: RHB Dillon Farley 0-0: Ball
1-0: Called Strike
1-1: Called Strike
1-2: Ball
2-2: Ball
3-2: Base on Balls
Batting: RHB Edmund Kline 0-0: Ball
1-0: Swinging Strike
1-1: Swinging Strike
1-2: Foul Ball, location: 2F
1-2: Strikes out swinging
Batting: SHB Orlando Lópes 0-0: Called Strike
Throwing error on steal attempt, E2
Dillon Farley to third
0-1: Ball
1-1: Fly out, F7 (Flyball, 7)
Bottom of the 7th over - 1 run, 1 hit, 1 error, 1 left on base; Iowa 3 - Xavier 2
TOP OF THE 8TH
Iowa Hawkeyes batting - Pitching for Xavier Musketeers : LHP Marvin Walker
Pitching: LHP António Muńóz
Batting: RHB Jack Black 0-0: Fly out, F9 (Line Drive, 89S)
Batting: RHB Dan Perkins 0-0: Ball
1-0: Called Strike
1-1: Ball
2-1: SINGLE (Line Drive, 34D)
Batting: LHB Fletcher White 0-0: Ball
1-0: Ball
Dan Perkins is caught stealing 2nd base
2-0: Ball
3-0: Base on Balls
Batting: RHB John Phillips 0-0: Called Strike
Fletcher White steals 2nd base
0-1: Ground out 3-1 (Groundball, 34)
Top of the 8th over - 0 runs, 1 hit, 0 errors, 1 left on base; Iowa 3 - Xavier 2
BOTTOM OF THE 8TH
Xavier Musketeers batting - Pitching for Iowa Hawkeyes : RHP Javier Valdés
Batting: LHB Bobby Ryan 0-0: Swinging Strike
0-1: Foul Ball, location: 2F
0-2: Strikes out swinging
Batting: RHB Floyd Reynolds 0-0: Ball
1-0: Called Strike
1-1: Swinging Strike
1-2: Foul Ball, location: 2F
1-2: Foul Ball, location: 2F
1-2: Ball
2-2: SINGLE (Groundball, 56) (infield hit)
Pitching: RHP Wes Jordan
Batting: RHB Curt Lloyd 0-0: Called Strike
0-1: Ball
1-1: Grounds into double play, 6-4-3 (Groundball, 56)
Bottom of the 8th over - 0 runs, 1 hit, 0 errors, 0 left on base; Iowa 3 - Xavier 2
TOP OF THE 9TH
Iowa Hawkeyes batting - Pitching for Xavier Musketeers : LHP António Muńóz
Batting: RHB Jim Sharry 0-0: Ball
1-0: SINGLE (Line Drive, 8LS)
Batting: RHB Jim Jones 0-0: Called Strike
0-1: Ball
1-1: Ball
2-1: Called Strike
2-2: SINGLE (Flyball, 7S)
Jim Sharry to second
Pinch Hitting: LHB José Gonzáles 0-0: Called Strike
0-1: Ball
1-1: SINGLE (Groundball, 4MD)
Jim Sharry to third
Jim Jones to second
Batting: LHB Jesús Torres 0-0: DOUBLE (Groundball, 3L)
Jim Sharry scores
Jim Jones scores
José Gonzáles to third
Batting: LHB Foster Clark 0-0: Intentional Walk
Pitching: RHP Júlio Rodríguez
Batting: RHB Jack Black 0-0: Swinging Strike
0-1: Ball
1-1: Ball
2-1: Fly out, F8 (Flyball, 8LD)
Runner from 3rd tags up, SCORES, no throw
Batting: RHB Dan Perkins 0-0: Swinging Strike
0-1: Ball
1-1: Foul Ball, location: 2F
1-2: Ball
2-2: Ball
3-2: Base on Balls
Jesús Torres to third
Foster Clark to second
Batting: LHB Fletcher White 0-0: Ball
1-0: Foul Ball, location: 2F
1-1: Foul Ball, location: 2F
1-2: Strikes out swinging
Batting: RHB John Phillips 0-0: Swinging Strike
0-1: SINGLE (Line Drive, 4MD)
Jesús Torres scores
Foster Clark to third
Dan Perkins to second
Batting: RHB Jim Sharry 0-0: Ball
1-0: Fielders Choice at 2nd, 5-4 (Groundball, 5)
Top of the 9th over - 4 runs, 5 hits, 0 errors, 3 left on base; Iowa 7 - Xavier 2
BOTTOM OF THE 9TH
Xavier Musketeers batting - Pitching for Iowa Hawkeyes : RHP Wes Jordan
Now at C: Bill Wells
Batting: LHB Duncan Sharp 0-0: Ball
1-0: Ball
2-0: Ball
3-0: Base on Balls
Batting: LHB Johnny Beach 0-0: Ball
1-0: 2-RUN HOME RUN (Flyball, 89XD), Distance : 415 ft
Pitching: RHP Júlio Reyes
Batting: RHB Greg Richards 0-0: Reached on error, E4 (Groundball, 4)
Batting: RHB Dillon Farley 0-0: Ball
1-0: Grounds into double play, 4-6-3 (Groundball, 4)
Batting: RHB Edmund Kline 0-0: Called Strike
0-1: Ball
1-1: Foul Ball, location: 2F
1-2: SINGLE (Line Drive, 4D)
Batting: SHB Orlando Lópes 0-0: Ball
1-0: Ball
2-0: Foul Ball, location: 2F
2-1: Foul Ball, location: 2F
2-2: SINGLE (Line Drive, 6MD)
Edmund Kline to second
Batting: LHB Bobby Ryan 0-0: Foul Ball, location: 2F
0-1: Ground out U3 (Groundball, 34)
Bottom of the 9th over - 2 runs, 3 hits, 1 error, 2 left on base; Iowa 7 - Xavier 4
Saturday, April 7th, 2018 - OOTP Baseball 18.8 Build 76